 Dungeon Crawl Stone Soup version 0.30-a0-266-g2b27a225a3 (webtiles) character file.

Game seed: 3693669023244181524

182 Decritt the Conjurer (level 5, -1/38 HPs)
             Began as a Human Conjurer on Oct 14, 2022.
             Slain by an orc wizard
             ... wielding a +0 dagger
              (2 damage)
             ... on level 4 of the Dungeon.
             The game lasted 00:06:53 (3099 turns).

Decritt the Conjurer (Human Conjurer)               Turns: 3099, Time: 00:06:53

Health: -1/38      AC:  3    Str:  7    XL:     5   Next: 93%
Magic:  5/9        EV: 12    Int: 21    God:
Gold:   56         SH:  0    Dex: 11    Spells: 2/9 levels left

rFire   . . .      SeeInvis .    c - +0 short sword (drain)
rCold   . . .      Faith    .    (no shield)
rNeg    . . .      Spirit   .    g - +1 robe {Will+}
rPois   .          Reflect  .    (no helmet)
rElec   .          Harm     .    (no cloak)
rCorr   .          Rampage  .    (no gloves)
Will    +....                    (no boots)
Stlth   ++........               (no amulet)
HPRegen 0.26/turn                (no ring)
MPRegen 0.11/turn                (no ring)

@: no status effects
A: no striking features
a: no special abilities


You were on level 4 of the Dungeon.
You visited 1 branch of the dungeon, and saw 4 of its levels.

You collected 178 gold pieces.
You spent 122 gold pieces at shops.

Inventory:

Hand Weapons
 c - a +0 short sword of draining (weapon)
Armour
 a - a +0 robe
 g - a +1 robe of willpower (worn)
Jewellery
 d - a ring of ice
Wands
 l - a wand of paralysis (10)
Scrolls
 e - a scroll of vulnerability
 j - a scroll of magic mapping
 k - a scroll of noise {unknown}
 n - a scroll of fear {unknown}
Potions
 f - 2 potions of might
 h - a potion of degeneration
 i - a potion of brilliance
 m - a potion of curing {unknown}
 o - 2 potions of lignification {unknown}


   Skills:
 + Level 2.0 Fighting
 + Level 2.0 Armour
 + Level 3.0 Dodging
 - Level 2.0 Stealth
 + Level 2.8 Spellcasting
 + Level 4.6 Conjurations


You had 2 spell levels left.
You knew the following spells:

 Your Spells              Type           Power      Damage    Failure   Level
a - Magic Dart            Conj           88%        1d7       1%          1
b - Searing Ray           Conj           44%        2d6       3%          2
c - Fulminant Prism       Conj/Hex       6%         3d7       45%         4

Your spell library contained the following spells:

 Spells                   Type           Power      Damage    Failure   Level
 Beastly Appendage        Tmut           6%         N/A       14%         1
 Freeze                   Ice            12%        1d3       14%         1
 Sublimation of Blood     Necr           3%         N/A       21%         2
 Wereblood                Tmut           3%         N/A       21%         2
 Dazzling Flash           Conj/Hex       24%        N/A       16%         3
 Hailstorm                Conj/Ice       12%        3d5       16%         3
 Frozen Ramparts          Ice            6%         1d1       38%         3
 Spider Form              Tmut/Pois      3%         N/A       38%         3
 Iskenderun's Mystic Bla  Conj/Tloc      12%        2d5       45%         4
 Summon Hydra             Summ           1%         N/A       100%        7


Dungeon Overview and Level Annotations

Branches:
Dungeon (4/15)
 Temple: D:4-7

Altars:
Okawaru
Qazlal
Sif Muna
Vehumet

Shops:
D:2 [


Message History

Casting: Magic Dart (safe; 1% risk of failure)
Confirm with . or Enter, or press ? or * to list all spells.
Aiming: Magic Dart (safe; 1% risk of failure)
Press: ? - help, Shift-Dir - straight line, f/p - orc
Aim: an orc, wielding a +0 short sword and wearing a +0 leather armour (100% to hit)
The magic dart hits the orc.
The orc is lightly wounded.
The orc hits you with a +0 short sword.
* * * LOW HITPOINT WARNING * * *
Magic courses through your body. The orc hits you with a +0 short sword.
* * * LOW HITPOINT WARNING * * *
Casting: Magic Dart (safe; 1% risk of failure)
Confirm with . or Enter, or press ? or * to list all spells.
Aiming: Magic Dart (safe; 1% risk of failure)
Press: ? - help, Shift-Dir - straight line, f/p - orc
Aim: an orc, wielding a +0 short sword and wearing a +0 leather armour (lightly wounded, 100% to hit)
The magic dart hits the orc.
The orc is almost dead.
The orc closely misses you.
Casting: Magic Dart (safe; 1% risk of failure)
Confirm with . or Enter, or press ? or * to list all spells.
Aiming: Magic Dart (safe; 1% risk of failure)
Press: ? - help, Shift-Dir - straight line, f/p - orc
Aim: an orc, wielding a +0 short sword and wearing a +0 leather armour (almost dead, 100% to hit)
The magic dart hits the orc.
You kill the orc!
Casting: Magic Dart (safe; 1% risk of failure)
Confirm with . or Enter, or press ? or * to list all spells.
Aiming: Magic Dart (safe; 1% risk of failure)
Press: ? - help, Shift-Dir - straight line, f - orc
Aim: an orc, wielding a +0 club (100% to hit)
The magic dart hits something.
Something hits you.
* * * LOW HITPOINT WARNING * * *
Casting: Magic Dart (safe; 1% risk of failure)
Confirm with . or Enter, or press ? or * to list all spells.
Aiming: Magic Dart (safe; 1% risk of failure)
Press: ? - help, Shift-Dir - straight line, f/p - orc
Aim: an orc, wielding a +0 club (100% to hit)
The magic dart hits something.
Something hits you.
You die...

....####.#
.......#.#
.......#.#
#......#.#
#......#.#
#.....o#.#
.......o.#
#...##.#†######
# # #.#oo)@..#
######
#.#.####..#
.....# #.#.# .#
.....# #.#.# ..
...[.# #.#.# ..
.....# #.#.# ..
.....# #.#.# .
.....# #.#.#
###### #.#.#


You could see 2 orcs.

Vanquished Creatures
  A phantom (D:2)
  Natasha (D:4)
  An adder (D:2)
  2 worms
  2 dart slugs
  An orc (D:4)
  3 bats
  9 endoplasms
  3 giant cockroaches
  4 goblins
  5 hobgoblins
  2 jackals (D:1)
  3 quokkas
  6 ball pythons
  2 frilled lizards
  6 kobolds
  3 rats
54 creatures vanquished.

Notes
Turn   | Place    | Note
-------+----------+-------------------------------------------
     0 | D:1      | Decritt the Human Conjurer began the quest for the Orb.
     0 | D:1      | Reached XP level 1. HP: 13/13 MP: 3/3
   305 | D:1      | Reached XP level 2. HP: 20/20 MP: 0/5
   360 | D:1      | Found a faded altar of an unknown god.
   688 | D:1      | Reached XP level 3. HP: 25/25 MP: 3/6
   897 | D:1      | Reached skill level 1 in Armour
  1094 | D:2      | Reached skill level 1 in Fighting
  1099 | D:2      | Noticed a phantom
  1138 | D:2      | Killed a phantom
  1139 | D:2      | Reached XP level 4. HP: 4/32 MP: 0/7
  1139 | D:2      | Reached XP level 5. HP: 4/37 MP: 0/8
  1525 | D:2      | Found Yrchy's Antique Armour Shoppe.
  1564 | D:2      | Bought a runed robe for 122 gold pieces
  2255 | D:3      | Learned a level 2 spell: Searing Ray
  2260 | D:3      | Learned a level 4 spell: Fulminant Prism
  2479 | D:3      | Found a radiant altar of Vehumet.
  2755 | D:3      | Found an iron altar of Okawaru.
  2760 | D:3      | Found a shimmering blue altar of Sif Muna.
  2763 | D:3      | Found a stormy altar of Qazlal.
  3076 | D:4      | Noticed Natasha
  3088 | D:4      | Killed Natasha
  3098 | D:4      | HP: 1/38 [something (2)]
  3099 | D:4      | Slain by an orc wizard

Illustrated notes

Levels and vault maps discovered:
D:1:      lightli_arrival_isolated_outpost, layout_loops_ring,
          ebering_ecumenical_altar_sacrificial, chequers_mini_garden,
          dreamdust_wishing_well, kennysheep_boxes
D:2:      layout_basic, serial_shops, nicolae_square_shop
D:3:      layout_basic, minmay_overflow_temple_star_quad,
          general_overflow_altar, serial_park_tiny_pond, st_stairs_14
D:4:      layout_basic, mainiacjoe_overflow_concentric_impassable, uniq_robin,
          uniq_natasha, uniq_edmund, uniq_grinder

Skill      XL: |  1  2  3  4  5 |
---------------+----------------+-----
Armour         | 1 2 |  2.0
Fighting       | 1 2 |  2.0
Dodging        | 3 |  3.0
Stealth        | |  2.0
Spellcasting   | |  2.8
Conjurations   | |  4.6

Action                   |  1- 3 |  4- 6 || total
-------------------------+-------+-------++-------
Melee: Short sword       |    41 |    28 ||    69
       Punch             |       |     1 ||     1
 Cast: Magic Dart        |    53 |    73 ||   126
  Use: Scroll            |     3 |     4 ||     7
       Potion            |     1 |     1 ||     2
Armor: Robe              |     4 |     6 ||    10
Dodge: Dodged            |    25 |    23 ||    48

Table legend: (Time is in decaauts)
 A = Elapsed time spent in this place.
 B = Non-inter-level travel time spent in this place.
 C = Inter-level travel time spent in this place.
 D = Time resting spent in this place.
 E = Time spent auto-exploring this place.
 F = Levels seen in this place.
 G = Mean time per level.
                   A        B        C        D        E       F      G
               +--------+--------+--------+--------+--------+-----+--------+
         Total |   3101 |   3036 |     65 |    161 |   2512 |   4 |  775.2 |
       Dungeon |   3101 |   3036 |     65 |    161 |   2512 |   4 |  775.2 |
               +--------+--------+--------+--------+--------+-----+--------+

Top non-repeatable levels by time:
     D:1: 1088 daAuts
     D:2: 992 daAuts
     D:3: 747 daAuts
     D:4: 272 daAuts
